 Dungeon Crawl Stone Soup version 0.27.1-33-g824d729ab1 (webtiles) character file.

Game seed: 6785826003800108747

53 Hepliaklqana the Magician (level 3, -1/26 HPs)
             Began as a Mummy Fire Elementalist on Dec 29, 2021.
             Slain by Terence (5 damage)
             ... on level 2 of the Dungeon.
             The game lasted 00:08:29 (2781 turns).

Hepliaklqana the Magician (Mummy Fire Elementalist) Turns: 2781, Time: 00:08:30

Health: -1/26      AC:  2    Str: 11    XL:     3   Next: 62%
Magic:  2/7        EV: 11    Int: 15    God:
Gold:   75         SH:  3    Dex: 12    Spells: 4/8 levels left

rFire    x . .     SeeInvis .   c - +1 dagger (flame)
rCold    + . .     Faith    .   e - +0 buckler
rNeg     + + +     Spirit   .   f - +0 robe
rPois    ∞         Reflect  .   (no helmet)
rElec    .         Harm     .   (no cloak)
rCorr    .         Rampage  .   (no gloves)
Will     .....                  (no boots)
Stlth    ++........             (no amulet)
HPRegen  0.08/turn              (no ring)
MPRegen  0.10/turn              (no ring)

@: no status effects
A: cold resistance 1, negative energy resistance 3, torment resistance 2, heat
vulnerability 1, no potions
a: no special abilities


You were on level 2 of the Dungeon.
You visited 1 branch of the dungeon, and saw 3 of its levels.

You collected 75 gold pieces.

Inventory:

Hand Weapons
 c - a +1 dagger of flaming (weapon)
Armour
 e - a +0 buckler (worn)
 f - a +0 robe (worn)
 g - a +4 ring mail
Scrolls
 a - a scroll of summoning {unknown}
 b - 2 scrolls of identify


   Skills:
 + Level 1.3 Fighting
 + Level 0.0 Armour
 - Level 1.5 Dodging
 - Level 1.5 Stealth
 + Level 3.4 Spellcasting
 + Level 1.5 Conjurations
 + Level 2.8 Fire Magic


You had 4 spell levels left.
You knew the following spells:

 Your Spells              Type           Power      Damage    Failure   Level
a - Foxfire               Conj/Fire      36%        2x1d5     13%         1
b - Conjure Flame         Conj/Fire      9%         6-21      36%         3

Your spell library contained the following spells:

 Spells                   Type           Power      Damage    Failure   Level
 Inner Flame              Hex/Fire       6%         N/A       47%         3
 Sticky Flame             Conj/Fire      9%         2d3       78%         4
 Fireball                 Conj/Fire      4%         3d4       98%         5


Dungeon Overview and Level Annotations

Branches:
Dungeon (3/15)

Altars:

Annotations:
D:2 Terence


Innate Abilities, Weirdness & Mutations

You are immune to poison.
Your flesh is cold resistant. (rC+)
You are immune to negative energy. (rN+++)
You are immune to unholy pain and torment.
You are vulnerable to heat. (rF-)
You do not drink.


Message History

Confirm with . or Enter, or press ? or * to list all spells.
There is not enough space to conjure foxfire!
Your foxfire dissipates!
The foxfire hits Terence but does no damage.
Terence is lightly wounded.
Casting: Foxfire (safe; 13% risk of failure)
Confirm with . or Enter, or press ? or * to list all spells.
You conjure some foxfire!
Your foxfire dissipates!
The foxfire hits Terence but does no damage.
Terence is lightly wounded.
There is a stone staircase leading up here.
Casting: Foxfire (safe; 13% risk of failure)
Confirm with . or Enter, or press ? or * to list all spells.
You conjure some foxfire!
Your foxfire dissipates!
The foxfire hits Terence but does no damage.
Terence is lightly wounded.
Casting: Foxfire (safe; 13% risk of failure)
Confirm with . or Enter, or press ? or * to list all spells.
You conjure some foxfire!
Your foxfire dissipates!
The foxfire hits Terence but does no damage.
Terence is lightly wounded.
Casting: Foxfire (safe; 13% risk of failure)
Confirm with . or Enter, or press ? or * to list all spells.
The spell is extremely dangerous to cast (36% risk of failure)!
Continue anyway?
The fire begins to smoulder!
Terence closely misses you.
Casting: Conjure Flame (extremely dangerous; 36% risk of failure)
Confirm with . or Enter, or press ? or * to list all spells.
You don't have enough magic to cast this spell.
Terence is nearby!
Terence closely misses you.
The fire ignites!
Terence hits you with a +0 short sword!
* * * LOW HITPOINT WARNING * * *
Terence closely misses you. Terence barely misses you.
Terence closely misses you. Terence hits you with a +0 short sword.
You die...

#.##.#.#######
#.##.........#
#.####.#####.# #.# #.#
#.# #@# #.# #.# #<#
#.#####.#######
#.####...>.........#
#............#####.# ###
###########.@#####.#####
#.. #..@.........# #.#
##.###.....#.## #.#
#.###........###.#
#................#
#####........####.
#.....<.......
#######.#####. #.######


You could see Terence.

Vanquished Creatures
  An adder (D:2)
  A dart slug (D:1)
  4 ball pythons (D:1)
  2 bats
  4 endoplasms
  3 giant cockroaches (D:1)
  2 goblins
  3 hobgoblins (D:1)
  2 jackals (D:1)
  6 kobolds
  A quokka (D:1)
  3 frilled lizards
  5 rats
37 creatures vanquished.

Vanquished Creatures (others)
  90 foxfires
90 creatures vanquished.

Grand Total: 127 creatures vanquished

Notes
Turn   | Place    | Note
-------+----------+-------------------------------------------
     0 | D:1      | Hepliaklqana the Mummy Fire Elementalist began the quest
                  | for the Orb.
     0 | D:1      | Reached XP level 1. HP: 13/13 MP: 4/4
   132 | D:1      | Reached skill level 1 in Conjurations
   297 | D:1      | Reached XP level 2. HP: 20/20 MP: 2/5
   367 | D:1      | Reached skill level 3 in Spellcasting
   561 | D:1      | Found a faded altar of an unknown god.
  1033 | D:1      | Reached skill level 1 in Fighting
  1264 | D:1      | Reached XP level 3. HP: 26/26 MP: 4/7
  1273 | D:1      | Learned a level 3 spell: Conjure Flame
  2650 | D:3      | Noticed Terence
  2781 | D:2      | Slain by Terence

Illustrated notes

Levels and vault maps discovered:
D:1:      wheals_arrival_linesprint, layout_loops_ring,
          ebering_ecumenical_altar_hall, nrook_mini_vaults
D:2:      layout_loops_ring, minmay_statues_item
D:3:      layout_rooms, mainiacjoe_overflow_boulevard, uniq_terence

Skill      XL: |  1  2 |
---------------+-------+-----
Conjurations   | 1 |  1.5
Spellcasting   | 3 |  3.4
Fighting       | 1 |  1.3
Dodging        | |  1.5
Stealth        | |  1.5
Fire Magic     | |  2.8

Action                   || total
-------------------------++-------
Melee: Unarmed           ||    18
       Dagger            ||    35
 Cast: Foxfire           ||    81
       Conjure Flame     ||     1
  Use: Scroll            ||     3
Armor: Robe              ||    14
Dodge: Dodged            ||    66
Block: Buckler           ||     4
